 Dungeon Crawl Stone Soup version 0.31.0-11-ge490571c62 (webtiles) character file.

Game seed: 3917672295514492176

88 DemonSlayer the Digger (level 4, 0/30 HPs)
             Began as a Demonspawn Earth Elementalist on Feb 3, 2024.
             Killed from afar by an orc wizard (6 damage)
             ... with a magic dart
             ... on level 3 of the Dungeon.
             The game lasted 00:04:38 (2304 turns).

DemonSlayer the Digger (DsEE)                       Turns: 2304, Time: 00:04:39

Health: 0/30       AC:  4    Str:  8    XL:     4   Next: 29%
Magic:  4/8        EV: 12    Int: 15    God:
Gold:   43         SH:  0    Dex: 16    Spells: 5/9 levels left

rFire   . . .        d - +0 dagger
rCold   . . .        (no shield)
rNeg    . . .        a - +0 robe
rPois   .            e - +0 helmet
rElec   .            k - scarf {repulsion}
rCorr   .            (no gloves)
SInv    .            c - +0 pair of boots
Will    .....        (no amulet)
Stlth   +            (no ring)
HPRegen 0.25/turn    (no ring)
MPRegen 0.11/turn

%: repel missiles
@: confused
A: weakness stinger 2
a: no special abilities


You were on level 3 of the Dungeon.
You visited 1 branch of the dungeon, and saw 3 of its levels.

You collected 73 gold pieces.
You spent 30 gold pieces at shops.

Inventory:

Hand Weapons
 d - a +0 dagger (weapon)
Armour
 a - a +0 robe (worn)
 c - a +0 pair of boots (worn)
 e - a +0 helmet (worn)
 k - a scarf of repulsion (worn)
Scrolls
 f - 3 scrolls of teleportation {unknown}
 g - 3 scrolls of immolation {unknown}
 l - a scroll of blinking {unknown}
 n - a scroll of fog {unknown}
 o - a scroll of identify {unknown}
 p - a scroll of poison {unknown}
Potions
 h - a potion of resistance {unknown}
 i - 3 potions of heal wounds {unknown}
 j - a potion of curing {unknown}
 m - a potion of enlightenment {unknown}
 q - a potion of mutation {unknown}


   Skills:
 + Level 0.2 Fighting
 + Level 0.2 Short Blades
 + Level 2.0 Dodging
 + Level 1.8 Stealth
 + Level 3.0 Spellcasting
 + Level 1.0 Conjurations
 + Level 3.7 Earth Magic


You had 5 spell levels left.
You knew the following spells:

 Your Spells              Type           Power      Damage    Failure   Level
a - Sandblast             Erth           26%        2d8       4%          1
b - Stone Arrow           Conj/Erth      18%        3d8       22%         3

Your spell library contained the following spells:

 Spells                   Type           Power      Damage    Failure   Level
 Passwall                 Erth           13%        N/A       13%         3
 Brom's Barrelling Bould  Conj/Erth      9%         2d3       58%         4
 Petrify                  Alch/Erth      7%         N/A       67%         4


Dungeon Overview and Level Annotations

Branches:
Dungeon (3/15)

Altars:

Shops:
D:2 *


Innate Abilities, Weirdness & Mutations

You have a tail ending in a sharp stinger.


Message History

Unknown command.
Unknown command.
Casting: Sandblast (safe; 4% risk of failure)
Confirm with . or Enter, or press ? or * to list all spells.
Aiming: Sandblast (safe; 4% risk of failure)
Press: ? - help, Shift-Dir - straight line The blast of sand hits something but does no damage.
Something hits you. x2
Unknown command.
Unknown command.
Casting: Sandblast (safe; 4% risk of failure)
Confirm with . or Enter, or press ? or * to list all spells.
Aiming: Sandblast (safe; 4% risk of failure)
Press: ? - help, Shift-Dir - straight line The blast of sand hits the orc but does no damage.
Something hits you.
* * * LOW HITPOINT WARNING * * *
Unknown command.
Unknown command.
Casting: Sandblast (safe; 4% risk of failure)
Confirm with . or Enter, or press ? or * to list all spells.
Aiming: Sandblast (safe; 4% risk of failure)
Press: ? - help, Shift-Dir - straight line The blast of sand hits the orc.
The orc is almost dead.
You hear some strange, mumbled words.
You are confused.
Something hits you.
* * * LOW HITPOINT WARNING * * *
Unknown command.
You're too confused to cast spells.
You can't go down here!
Unknown command.
Unknown command.
Unknown command.
You're too confused to cast spells.
You hear some strange, mumbled words.
A magic dart appears from out of thin air!
The magic dart hits you.
You die...

...........###
..#...##..###########
..#.#.#.............#
..#.#.#)..###.#####.#
..#...#...###.# #.#
...........##.# #.#
..#.#.#.......# #.#
..........###.#####.#
..#.#.#...###.o{@...#
........<......######
..................
.##.......##...#
.##........>...#
...............#
..#..#....#....#
.........†.....####.#
#....................


You could see an orc.

Vanquished Creatures
  3 adders
  2 dart slugs (D:1)
  A ribbon worm (D:2)
  2 orcs (D:3)
  2 ball pythons
  A giant cockroach (D:2)
  7 hobgoblins
  3 jackals (D:2)
  2 quokkas
  7 bats
  2 frilled lizards (D:2)
  8 goblins
  5 kobolds
  5 rats
50 creatures vanquished.

Notes
Turn   | Place    | Note
-------+----------+-------------------------------------------
     0 | D:1      | DemonSlayer the Demonspawn Earth Elementalist began the
                  | quest for the Orb.
     0 | D:1      | Reached XP level 1. HP: 13/13 MP: 3/3
   216 | D:1      | Gained mutation: You have a small tail. [demonic ancestry]
   216 | D:1      | Reached XP level 2. HP: 19/19 MP: 0/5
  1087 | D:2      | Gained mutation: You have a tail ending in a sharp stinger.
                  | [demonic ancestry]
  1087 | D:2      | Reached XP level 3. HP: 21/24 MP: 4/6
  1097 | D:2      | Learned a level 3 spell: Stone Arrow
  1234 | D:2      | Found Ydief's Assorted Antiques.
  1239 | D:2      | Bought a green potion for 14 gold pieces
  1239 | D:2      | Bought a scroll labelled DAZXIL FOLACS for 16 gold pieces
  2149 | D:3      | Reached XP level 4. HP: 30/30 MP: 4/8
  2304 | D:3      | Killed from afar by an orc wizard

Illustrated notes

Levels and vault maps discovered:
D:1:      ncdulo_smallfort, layout_basic, nicolae_figureground_sparkle
D:2:      layout_loops_ring, serial_shops, nicolae_shop_rolling_square,
          chequers_decorated_corner
D:3:      layout_basic, serial_curves, eino_curves_03, eino_curves_02,
          gammafunk_ghost_mausoleum

Skill      XL: |  1  2  3 |
---------------+----------+-----
Earth Magic    | 3 |  3.7
Dodging        | 2 |  2.0
Spellcasting   | 3 |  3.0
Fighting       | |  0.2
Short Blades   | |  0.2
Stealth        | |  1.8
Conjurations   | |  1.0

Action                     |  1- 3 |  4- 6 || total
---------------------------+-------+-------++-------
  Melee: Dagger            |    43 |    18 ||    61
         Tailslap          |     7 |     3 ||    10
   Cast: Sandblast         |    68 |    17 ||    85
    Use: Potion            |       |     1 ||     1
   Stab: Sleeping          |     2 |       ||     2
 Armour: Robe              |    52 |    30 ||    82
  Dodge: Dodged            |    49 |    20 ||    69
